 Dungeon Crawl Stone Soup version 0.31.0-32-g396128a36d (webtiles) character file.

Game seed: 5728270556388487847

280 BubbleThief the Trooper (level 6, -1/61 HPs)
             Began as an Oni Fighter on Mar 12, 2024.
             Was a Follower of Hepliaklqana.
             Slain by an orc warrior
             ... wielding a +0 trident
              (10 damage)
             ... on level 4 of the Dungeon.
             The game lasted 00:03:55 (2381 turns).

BubbleThief the Trooper (Oni Fighter)               Turns: 2381, Time: 00:03:55

Health: -1/61      AC:  3    Str: 23    XL:     6   Next: 27%
Magic:  6/6        EV:  8    Int:  9    God:    Hepliaklqana [*.....]
Gold:   163        SH:  7    Dex:  8    Spells: 5/5 levels left

rFire   . . .        a - +0 war axe
rCold   + . .        c - +0 kite shield
rNeg    . . .        b - +0 robe
rPois   .            (helmet restricted)
rElec   .            (no cloak)
rCorr   .            (gloves unavailable)
SInv    .            (boots unavailable)
Will    .....        (no amulet)
Stlth   +            f - ring of protection from cold
HPRegen 0.30/turn    (no ring)
MPRegen 0.10/turn

%: no passive effects
@: no status effects
A: reduced essence, large, unfitting armour, horns 1, tough skin 1, double
potion healing, drunken brawling
a: Renounce Religion, Recall Ancestor, Ancestor Identity


You were on level 4 of the Dungeon.
You worshipped Hepliaklqana.
Hepliaklqana was aware of your devotion.
You visited 1 branch of the dungeon, and saw 4 of its levels.

You collected 163 gold pieces.

Inventory:

Hand Weapons
 a - a +0 war axe (weapon)
Armour
 b - a +0 robe (worn)
 c - a +0 kite shield (worn)
Jewellery
 f - a ring of protection from cold (left hand)
Scrolls
 e - 2 scrolls of fear {unknown}
 g - 2 scrolls of immolation {unknown}
 h - a scroll of teleportation {unknown}
 l - a scroll of torment {unknown}
 o - a scroll of enchant armour {unknown}
 p - a scroll of identify {unknown}
Potions
 d - a potion of might
 i - a potion of ambrosia {unknown}
 j - a potion of resistance {unknown}
 k - 2 potions of lignification {unknown}
 m - a potion of cancellation {unknown}
 n - a potion of magic {unknown}
 q - a potion of mutation {unknown}


   Skills:
 + Level 6.9 Fighting
 + Level 4.7 Axes
 - Level 2.6 Dodging
 - Level 2.6 Shields


You had 5 spell levels left.
You didn't know any spells.
Your spell library contained the following spells:

 Spells                   Type           Power      Damage    Failure   Level
 Blink                    Tloc           0%         N/A       80%         2
 Lesser Beckoning         Tloc           0%         N/A       80%         2
 Momentum Strike          Conj/Tloc      0%         3d8       80%         2


Dungeon Overview and Level Annotations

Branches:
Dungeon (4/15)
 Temple: D:4-7

Altars:
Hepliaklqana
Ru
Vehumet
Xom
Zin
The Shining One

Annotations:
D:4 Edmund


Innate Abilities, Weirdness & Mutations

Your life essence is reduced to manifest your ancestor. (-10% HP)
You are too large for most types of armour.
You have a pair of small horns on your head.
You have tough skin. (AC +1)
You gain doubled healing and magic from potions.
Whenever you drink a healing potion, you attack all around you.


Message History

The orc warrior hits you with a +0 trident.
Unknown command.
You closely miss the orc warrior.
You headbutt the orc warrior, but do no damage.
The orc warrior is lightly wounded.
Belessunu hits the orc warrior but does no damage.
The orc warrior closely misses you.
Belessunu hits the orc warrior.
Unknown command.
You hit the orc warrior.
The orc warrior is lightly wounded.
You block the orc warrior's attack.
Belessunu hits the orc warrior but does no damage.
The orc warrior hits Belessunu with a +0 trident!!
Unknown command.
You barely miss the orc warrior.
The orc warrior is lightly wounded.
Belessunu barely misses the orc warrior.
The orc warrior hits Belessunu with a +0 trident.
Belessunu is destroyed!
Unknown command.
You closely miss the orc warrior.
The orc warrior is lightly wounded.
Unknown command.
You closely miss the orc warrior.
The orc warrior is lightly wounded.
The orc warrior hits you with a +0 trident!
The orc warrior barely misses you. The orc hits you with a +0 dagger.
Unknown command.
You hit the orc warrior but do no damage.
The orc warrior is lightly wounded.
You closely miss the orc.
The orc warrior hits you with a +0 trident!
* * * LOW HITPOINT WARNING * * *
You block the orc's attack.
Unknown command.
You closely miss the orc warrior.
The orc warrior is lightly wounded.
You barely miss the orc. The orc hits you but does no damage.
The orc warrior hits you with a +0 trident!
You die...

##...@..# ##......##. ... .#
.#.@.....##..#.. ..
.............##. .#
........##...#.. .# ........#
#..... ###.# ....$...## ..#..
###...# ####
........#....#.o###.....# ...##
........#......o@.#....###....#
.................)...#.......#
.#.........#.........#......^#
..........##..........##..#..#
..........##..........#..#####
........#..#.........###...##
...........##.....##
.#.................##
#......)...........#


You could see an orc warrior and an orc.

Vanquished Creatures
  2 sleepcaps (D:4)
  An orc wizard (D:4)
  2 gnolls (D:1)
  An adder (D:2)
  A shadow imp (D:3)
  6 dart slugs
  4 orcs
  3 ball pythons
  7 endoplasms
  A giant cockroach (D:2)
  6 goblins
  5 hobgoblins
  3 jackals (D:2)
  3 kobolds
  6 quokkas
  2 bats
  4 frilled lizards
  2 rats
59 creatures vanquished.

Vanquished Creatures (collateral kills)
  An ogre (D:4)
  An orc (D:4)
  A hobgoblin (D:4)
3 creatures vanquished.

Vanquished Creatures (others)
  An ancestor (D:4)
1 creature vanquished.

Grand Total: 63 creatures vanquished

Notes
Turn   | Place    | Note
-------+----------+-------------------------------------------
     0 | D:1      | BubbleThief the Oni Fighter began the quest for the Orb.
     0 | D:1      | Reached XP level 1. HP: 24/24 MP: 1/1
    31 | D:1      | Reached XP level 2. HP: 29/33 MP: 2/2
   228 | D:1      | Reached XP level 3. HP: 34/41 MP: 3/3
   337 | D:1      | Reached skill level 5 in Fighting
   783 | D:2      | Reached XP level 4. HP: 50/50 MP: 4/4
  1293 | D:3      | Found a glowing silver altar of Zin.
  1294 | D:3      | Found a radiant altar of Vehumet.
  1295 | D:3      | Found a glowing golden altar of the Shining One.
  1295 | D:3      | Found a hazy altar of Hepliaklqana.
  1305 | D:3      | Found a sacrificial altar of Ru.
  1306 | D:3      | Found a shimmering altar of Xom.
  1311 | D:3      | Became a worshipper of Hepliaklqana the Forgotten
  1744 | D:3      | Reached * piety under Hepliaklqana
  1929 | D:4      | Reached skill level 6 in Fighting
  1929 | D:4      | Reached XP level 5. HP: 44/53 MP: 5/5
  1962 | D:4      | Noticed Edmund
  2017 | D:4      | Noticed an ogre
  2033 | D:4      | Killed an ogre
  2034 | D:4      | Reached XP level 6. HP: 10/61 MP: 6/6
  2370 | D:4      | Noticed an orc warrior
  2381 | D:4      | Slain by an orc warrior

Illustrated notes

Levels and vault maps discovered:
D:1:      amcnicky_arrival_single_pillar, layout_rooms
D:2:      layout_rooms, minmay_misc_feat_iff
D:3:      layout_basic, grunt_temple_overflow_open
D:4:      layout_cave_pools, minmay_temple_entry_statues_pillars, serial_shops,
          nicolae_shop_behind_doors, st_stairs_6, uniq_edmund

Skill      XL: |  1  2  3  4  5 |
---------------+----------------+-----
Fighting       | 5 6 |  6.9
Axes           | 3 4 |  4.7
Dodging        | |  2.6
Shields        | |  2.6

Action                     |  1- 3 |  4- 6 || total
---------------------------+-------+-------++-------
  Melee: War axe           |    64 |    93 ||   157
         Headbutt          |     9 |     8 ||    17
 Invoke: Ancestor Identity |       |     1 ||     1
         Recall Ancestor   |       |     1 ||     1
 Armour: Robe              |    38 |    66 ||   104
  Dodge: Dodged            |    28 |    32 ||    60
  Block: Kite shield       |    25 |    44 ||    69
